 Dungeon Crawl Stone Soup version 0.19.3-4-gbf9329e (webtiles) character file.

63 esteth the Poker (level 4, -9/33 HPs)
             Began as a Merfolk Gladiator on Jan 28, 2017.
             Mangled by Terence
             ... wielding a +0 hand axe of electrocution
              (10 damage)
             ... on level 2 of the Dungeon.
             The game lasted 00:02:06 (1270 turns).

esteth the Poker (Merfolk Gladiator)                Turns: 1270, Time: 00:02:06

Health: -9/33      AC:  6    Str: 15    XL:     4   Next: 10%
Magic:  4/4        EV: 12    Int:  8    God:
Gold:   94         SH:  0    Dex: 12    Spells: 0 memorised, 3 levels left

rFire  . . .     SeeInvis .     a - +0 trident
rCold  . . .     Gourm    .     e - +0 ring mail
rNeg   . . .     Faith    .     (no shield)
rPois  +         Spirit   .     c - +0 helmet
rElec  .         Reflect  .     (no cloak)
rCorr  .         Harm     .     (no gloves)
MR     .....                    (no boots)
Stlth  +.........               (no amulet)
                                n - ring of wizardry
                                g - ring of poison resistance

@: no status effects
A: change form in water, swift swim, stealthy swim, clumsy 1, regeneration 1,
subdued magic 1
a: no special abilities


You were on level 2 of the Dungeon.
You were not hungry.

You visited 1 branch of the dungeon, and saw 2 of its levels.

You collected 94 gold pieces.

Inventory:

Hand Weapons
 a - a +0 trident (weapon)
Missiles
 d - 3 throwing nets (quivered)
Armour
 b - a +0 leather armour
 c - a +0 helmet (worn)
 e - a +0 ring mail (worn)
Jewellery
 g - a ring of poison resistance (left hand)
 n - a ring of wizardry (right hand)
Scrolls
 i - 6 scrolls of identify {unknown}
 o - a scroll of magic mapping {unknown}
 q - a scroll of remove curse {unknown}
Potions
 h - a potion of resistance {unknown}
 p - a potion of mutation
 r - 2 potions of curing {unknown}
 s - a potion of haste {unknown}
Comestibles
 f - a bread ration
 j - 3 chunks of flesh
 k - a meat ration
 l - a beef jerky
 m - 5 fruits


   Skills:
 - Level 2.1 Fighting
 + Level 7.1 Polearms
 - Level 2.0 Throwing
 - Level 4.0 Dodging


You had 3 spell levels left.
You didn't know any spells.

Dungeon Overview and Level Annotations

Branches:
Dungeon (2/15)

Altars:

Annotations:
D:2 Terence


Innate Abilities, Weirdness & Mutations

You revert to your normal form in water.
You are very nimble and swift while swimming.
You are very stealthy in the water. (Stealth+)
You are clumsy. (Dex -2)
Your natural rate of healing is unusually fast.
Your spells are a little easier to cast, but a little less powerful.


Message History

Attack whom?
Press: ? - help, Dir - move target cursor, f - Terence
Aim: Terence, wielding a hand axe of electrocution and wearing a scale mail You reach to attack!
You closely miss Terence. You hit Terence but do no damage.
Terence hits you but does no damage.
You are electrocuted!
You hit Terence but do no damage. Terence barely misses you.
You hit Terence but do no damage. Terence hits you but does no damage.
You are electrocuted!
Ouch! That really hurt!
* * * LOW HITPOINT WARNING * * *
You are too injured to fight recklessly!
You are too injured to fight recklessly!
It was a potion of mutation.
You feel extremely strange.
You begin to heal more quickly.
You feel clumsy.
Your connection to magic feels subdued.
Terence hits you with a hand axe of electrocution.
* * * LOW HITPOINT WARNING * * *
You are electrocuted!
You die...

##### ######...#
.......#.#
######...###########
## ##...).......[#
##.# #.###.(....#
##...##.# #.####.#
###....[#.# #.#
.......@@.###.#
..............#
####......##..#
#..###.##..#
#......##..#
............#
##..#######.## #).
#.# #.#


You could see Terence.

Vanquished Creatures
  Natasha (D:2)
  An ooze (D:1)
  A leopard gecko (D:2)
  A giant cockroach (D:1)
  5 goblins (D:1)
  A hobgoblin (D:1)
  5 jackals (D:1)
  5 bats
  4 frilled lizards
  4 kobolds
  6 rats
34 creatures vanquished.

Notes
Turn   | Place    | Note
-------+----------+-------------------------------------------
     0 | D:1      | esteth the Merfolk Gladiator began the quest for the Orb.
     0 | D:1      | Reached XP level 1. HP: 16/16 MP: 1/1
    79 | D:1      | Reached skill level 5 in Polearms
   356 | D:1      | Reached XP level 2. HP: 22/22 MP: 2/2
   859 | D:1      | Reached XP level 3. HP: 23/27 MP: 3/3
   862 | D:1      | Reached skill level 6 in Polearms
  1232 | D:2      | Noticed Natasha
  1239 | D:2      | Killed Natasha
  1239 | D:2      | Reached skill level 7 in Polearms
  1239 | D:2      | Reached XP level 4. HP: 33/33 MP: 4/4
  1263 | D:2      | Noticed Terence
  1270 | D:2      | Gained mutation: Your natural rate of healing is unusually fast. [potion of mutation]
  1270 | D:2      | Gained mutation: You are clumsy. (Dex -2) [potion of mutation]
  1270 | D:2      | Gained mutation: Your spells are a little easier to cast, but a little less powerful. [potion of mutation]
  1270 | D:2      | HP: 1/33 [Terence/hand axe of electrocution (4)]
  1270 | D:2      | Mangled by Terence

Skill      XL: |  1  2  3 |
---------------+----------+-----
Polearms       | 5 7 |  7.1
Fighting       | |  2.1
Throwing       | |  2.0
Dodging        | |  4.0

Action                   |  1- 3 |  4- 6 || total
-------------------------+-------+-------++-------
Melee: Trident           |    91 |    15 ||   106
  Use: Potion            |       |     1 ||     1
  Eat: Chunk             |     1 |       ||     1
Armor: Leather armour    |    18 |       ||    18
       Ring mail         |    20 |     3 ||    23
Dodge: Dodged            |    77 |     6 ||    83
